 Dungeon Crawl Stone Soup version 0.17-a0-2024-gc284f19 (webtiles) character file.

258 Ordine the Skirmisher (level 6, -3/45 HPs)
             Began as an Octopode Fighter on Oct 10, 2015.
             Slain by an iguana (13 damage)
             ... on level 4 of the Dungeon.
             The game lasted 00:09:12 (4079 turns).

Ordine the Skirmisher (Octopode Fighter)            Turns: 4079, Time: 00:09:12

Health: -3/45      AC:  1    Str: 15    XL:     6   Next: 16%
Magic:  6/6        EV: 13    Int: 11    God:
Gold:   94         SH:  6    Dex: 13    Spells: 0 memorised, 5 levels left

rFire  . . .     SeeInvis +     a - +1 long sword
rCold  . . .     Clarity  +     n - +2 buckler
rNeg   . . .     SustAt   .     (helmet restricted)
rPois  .         Gourm    .     k - amulet of clarity
rElec  .         Spirit   .     (no ring)
rCorr  .         Warding  .     (no ring)
rMut   .         Stasis   .     (no ring)
MR     .....                    (no ring)
Stlth  ++........               (no ring)
                                (no ring)
                                (no ring)
                                (no ring)

@: drained, not resistant to hostile enchantments, unstealthy
A: almost no armour, amphibious, 8 rings, constrict 8, camouflage 1, see
invisible, gelatinous body 1
a: no special abilities


You were on level 4 of the Dungeon.
You were not hungry.

You visited 1 branch of the dungeon, and saw 4 of its levels.

You collected 94 gold pieces.

Inventory:

Hand Weapons
 a - a +1 long sword (weapon)
Missiles
 i - 78 stones (quivered)
 m - 3 javelins
Armour
 b - a +1 shield
 n - a +2 buckler (worn)
Jewellery
 k - an amulet of clarity (around mantle)
Potions
 c - a potion of might
 e - 2 potions of curing
 g - a potion of resistance
 h - a potion of cancellation {unknown}
 l - a potion of brilliance {unknown}
Comestibles
 d - 3 bread rations
 f - 2 chunks of flesh
 j - 5 fruits


   Skills:
 + Level 5.4 Fighting
 + Level 4.3(4.2) Long Blades
 - Level 3.0(2.9) Dodging
 - Level 3.0(2.9) Shields


You had 5 spell levels left.
You didn't know any spells.

Dungeon Overview and Level Annotations

Branches:
Dungeon (4/15)
 Temple: D:4-7

Altars:
Cheibriados
Fedhas
Makhleb
Ru
Trog
Vehumet
Yredelemnul


Innate Abilities, Weirdness & Mutations

You cannot wear most types of armour.
You are amphibious.
You can wear up to eight rings at the same time.
You can use your tentacles to constrict eight enemies at once.
Your skin changes colour to match your surroundings (Stealth).
Your rubbery body absorbs attacks (AC +1).
You have supernaturally acute eyesight.


Message History

You block the iguana's attack. The orc hits you with a club.
The orc wizard hits you with a dagger. The iguana bites you!
* * * LOW HITPOINT WARNING * * *
You are too injured to fight recklessly!
You are too injured to fight recklessly!
You are too injured to fight recklessly!
You slash the orc wizard!
You kill the orc wizard!
The orc barely misses you. The iguana completely misses you.
You hit the iguana. Your grab misses the iguana.
The iguana is moderately wounded.
The orc hits you with a club.
* * * LOW HITPOINT WARNING * * *
The iguana closely misses you.
You hit the iguana but do no damage. You grab the iguana.
The iguana is moderately wounded.
You constrict the iguana. The orc hits you with a club.
* * * LOW HITPOINT WARNING * * *
The iguana bites you!
You die...

##.....##
#.##....#
##..<##
#.##.##.#
##+##
#.##.##.#
#.......#
######.#### .
##.## #.#
.(.##...###.#
............#
..##.l@#####
......o)#
...####.# #.
#$# #.# ..#
###


You could see an iguana and an orc.

Vanquished Creatures
  A hound (D:3)
  Crazy Yiuf (D:3)
  An orc wizard (D:4)
  Robin (D:2)
  6 adders
  2 oozes (D:1)
  A worm (D:3)
  2 giant geckos
  6 orcs
  2 giant cockroaches
  7 hobgoblins
  19 jackals
  8 kobolds
  A quokka (D:3)
  7 bats
  A giant newt (D:3)
  14 goblins
  7 rats
  A fungus (D:3)
88 creatures vanquished.

Notes
Turn   | Place    | Note
--------------------------------------------------------------
     0 | D:1      | Ordine the Octopode Fighter began the quest for the Orb.
     0 | D:1      | Reached XP level 1. HP: 16/16 MP: 1/1
    79 | D:1      | Reached XP level 2. HP: 21/21 MP: 2/2
   640 | D:1      | Reached XP level 3. HP: 27/27 MP: 3/3
   969 | D:2      | Reached skill level 4 in Fighting
   983 | D:2      | Found a snail-covered altar of Cheibriados.
   985 | D:2      | Noticed Robin
  1012 | D:2      | Killed Robin
  1015 | D:2      | Reached XP level 4. HP: 15/33 MP: 4/4
  1969 | D:2      | Found a radiant altar of Vehumet.
  2427 | D:3      | Found a burning altar of Makhleb.
  2427 | D:3      | Found a bloodstained altar of Trog.
  2427 | D:3      | Found a blossoming altar of Fedhas.
  2427 | D:3      | Found a sacrificial altar of Ru.
  2427 | D:3      | Found a basalt altar of Yredelemnul.
  2532 | D:2      | Reached XP level 5. HP: 29/38 MP: 5/5
  3167 | D:3      | Reached skill level 5 in Fighting
  3799 | D:3      | Gained mutation: You have supernaturally acute eyesight. [potion of beneficial mutation]
  3887 | D:3      | Noticed Crazy Yiuf
  3896 | D:3      | Killed Crazy Yiuf
  3896 | D:3      | Reached XP level 6. HP: 30/45 MP: 6/6
  4079 | D:4      | Slain by an iguana

Vault maps used:
D:1:      lightli_arrival_statuegarden
D:2:      lemuel_round_altar, lemuel_crystal_altar, uniq_robin
D:3:      grunt_temple_overflow_open, first_bread, uniq_crazy_yiuf_cottage
D:4:      kennysheep_big_empty_room

Action                   |  1- 3 |  4- 6 || total
-------------------------+-------+-------++-------
Melee: Long sword        |    54 |   114 ||   168
Throw: Stone             |       |     4 ||     4
  Use: Potion            |     2 |     1 ||     3
       Scroll            |     1 |     9 ||    10
 Stab: Sleeping          |     5 |     3 ||     8
  Eat: Chunk             |       |    10 ||    10
